 Dungeon Crawl Stone Soup version 0.16-a0-231-g3d5c238 (console) character file.

756 Nanodesu the Cleaver (level 7, -8/67 HPs)
             Began as a Hill Orc Berserker on Aug 21, 2014.
             Was a Priest of Trog.
             Mangled by Pikel
             ... wielding a +1 whip of electrocution
              (18 damage)
             ... on Level 4 of the Dungeon.
             The game lasted 01:01:56 (6143 turns).

Nanodesu the Cleaver (Hill Orc Berserker)           Turns: 6143, Time: 01:01:56

HP  -8/67        AC 13     Str 22      XL: 7   Next: 79%
MP   7/7         EV  7     Int  7      God: Trog [***...]
Gold 1           SH  0     Dex 10      Spells:  0 memorised,  6 levels left

rFire  . . .     SeeInvis .     a - +0 flail
rCold  . . .     Clarity  .     D - +1 chain mail
rNeg   . . .     rCorr    .     (no shield)
rPois  .         rRot     .     w - +0 helmet
rElec  .         Spirit   .     (no cloak)
SustAb .         Warding  .     s - +0 pair of gloves
rMut   .         Stasis   .     (no boots)
Gourm  .                        (no amulet)
MR     .....                    (no ring)
                                (no ring)

@: exhausted, slowed, very slow, not resistant to hostile enchantments,
extremely unstealthy
A: no striking features
a: Burn Spellbooks, Berserk, Trog's Hand, Renounce Religion


You were on level 4 of the Dungeon.
You worshipped Trog.
Trog was most pleased with you.
You were not hungry.

You visited 1 branch of the dungeon, and saw 4 of its levels.

You collected 71 gold pieces.
You spent 70 gold pieces at shops.

Inventory:

Hand weapons
 a - a +0 flail (weapon)
 c - a +0 dagger
 d - a +0 club
 g - a +1 hand axe
 i - a +0 dagger
 j - a +0 hand axe
 m - a +0 whip
 r - a +0 falchion of holy wrath
 t - a +0 short sword
 z - a +0 hand axe
 A - a +0 dagger of distortion
 B - a +0 mace
 C - a +0 hand axe
 E - a +0 mace
 L - a cursed -3 glaive
 P - a +4 shortbow
Missiles
 e - 15 tomahawks
 h - 86 stones (quivered)
 k - 79 arrows
 q - 38 sling bullets
 v - a throwing net
 F - 13 bolts of flame
 K - 19 poisoned needles
Armour
 b - a +0 animal skin
 f - a +0 robe
 s - a +0 pair of gloves (worn)
 w - a +0 helmet (worn)
 D - a +1 chain mail (worn)
 G - a +0 scale mail
Comestibles
 n - 2 royal jellies
 p - 2 bread rations
 I - a meat ration
 J - 2 beef jerkies
 M - 3 fruits
Scrolls
 y - a scroll of noise
 H - 2 scrolls of recharging
 O - a scroll of magic mapping
Jewellery
 u - an uncursed ring of teleportation
Potions
 l - a potion of flight
 Q - a potion of haste {unknown}


   Skills:
 + Level 7.7 Fighting
 + Level 8.3(9.0) Axes
 + Level 4.1(6.1) Maces & Flails
 + Level 3.1 Throwing
 + Level 4.5 Armour
 + Level 4.0 Dodging
 + Level 3.0 Stealth
 + Level 3.3 Unarmed Combat


You had 6 spell levels left.
You didn't know any spells.

Dungeon Overview and Level Annotations

Branches:
Dungeon (4/15)
 Temple: D:4-7

Altars:

Shops:
D:4 %

Annotations:
D:4 Pikel


Message History

Pikel hits you but does no damage. Pikel barely misses you.
A quokka comes into view.
Pikel scowls and wipes his hands on his robe.
Pikel hits you but does no damage.
You are electrocuted!
* * * LOW HITPOINT WARNING * * *
Pikel hits you but does no damage.
You offer a prayer to Trog.
Trog is most pleased with you.
Drink which item? (? for menu, Esc to quit)
Okay, then.
Use which ability? (? or * to list) You're too exhausted to go berserk.
You hit Pikel.
Pikel is heavily wounded.
Pikel hits you but does no damage.
Pikel hits you with a whip of electrocution.
* * * LOW HITPOINT WARNING * * *
You are electrocuted!
You die...

### . ##.####.r..#
######..ppppp....
#"..###K####.....
#...##@.# .
#...##.##
#...##.####
#.........♣
#...##.####
#..<)#.#
##########.)).#.#
##.....##...([(#.#
#..........(...#.#
.................#
...<...(.........#


You could see Pikel and 2 slaves.

Vanquished Creatures
  The ghost of ciphuk the Insei, an average DrTm (D:4)
  An ogre (D:4)
  A centaur (D:4)
  Blork the orc (D:4)
  4 orc priests (D:3)
  An orc wizard (D:3)
  7 adders
  A giant mite (D:1)
  7 worms
  2 giant geckos
  An ooze (D:3)
  19 orcs
  A ball python (D:4)
  11 bats
  6 giant cockroaches
  3 goblins
  8 hobgoblins
  10 jackals
  10 kobolds
  12 giant newts
  A quokka (D:2)
  10 rats
118 creatures vanquished.

Notes
Turn   | Place    | Note
--------------------------------------------------------------
     0 | D:1      | Nanodesu, the Hill Orc Berserker, began the quest for the Orb.
     0 | D:1      | Reached XP level 1. HP: 19/19 MP: 1/1
   176 | D:1      | HP: 1/20 [hobgoblin/club (4)]
   177 | D:1      | Reached XP level 2. HP: 1/27 MP: 2/2
   695 | D:1      | Reached XP level 3. HP: 23/33 MP: 3/3
   755 | D:1      | Reached skill level 6 in Fighting
   755 | D:1      | Reached skill level 7 in Axes
   755 | D:1      | Reached XP level 4. HP: 35/45 MP: 4/4
  1412 | D:1      | Acquired Trog's second power
  2070 | D:2      | Reached XP level 5. HP: 46/52 MP: 5/5
  3583 | D:3      | Reached skill level 8 in Axes
  4098 | D:3      | Reached XP level 6. HP: 23/60 MP: 6/6
  5539 | D:4      | Found Chyot's Food Emporium.
  5539 | D:4      | Noticed Blork the orc
  5543 | D:4      | Noticed ciphuk's ghost (average DrTm)
  5566 | D:4      | Killed ciphuk's ghost
  5566 | D:4      | Reached XP level 7. HP: 30/66 MP: 7/7
  5572 | D:4      | Killed Blork the orc
  5788 | D:4      | Bought a royal jelly for 20 gold pieces
  5788 | D:4      | Bought a royal jelly for 20 gold pieces
  5788 | D:4      | Bought a beef jerky for 15 gold pieces
  5788 | D:4      | Bought a beef jerky for 15 gold pieces
  6133 | D:4      | Noticed Pikel
  6143 | D:4      | Mangled by Pikel

Action                   |  1- 3 |  4- 6 |  7- 9 || total
-------------------------+-------+-------+-------++-------
Melee: Hand axe          |    53 |   250 |       ||   303
       Flail             |       |    80 |    44 ||   124
Invok: Berserk           |       |     2 |       ||     2
       Burn Spellbooks   |       |     1 |       ||     1
       Trog's Hand       |       |     1 |       ||     1
  Use: Potion            |     2 |     6 |     1 ||     9
       Scroll            |     3 |    10 |     2 ||    15
 Stab: Sleeping          |     1 |     1 |       ||     2
       Invisible         |     1 |       |       ||     1
  Eat: Fruit             |       |     4 |       ||     4
       Chunk             |       |     5 |       ||     5
       Pizza             |       |     1 |       ||     1
       Beef jerky        |       |     1 |       ||     1
       Meat ration       |       |     1 |       ||     1
       Bread ration      |       |     1 |       ||     1
